 Dungeon Crawl Stone Soup version 0.21.1-1-g345015f (webtiles) character file.

109 inc the Chiller (level 4, -5/28 HPs)
             Began as an Octopode Ice Elementalist on June 13, 2018.
             Killed by divine providence
             ... invoked by an orc priest
              (14 damage)
             ... on level 3 of the Dungeon.
             The game lasted 00:03:55 (2269 turns).

inc the Chiller (Octopode Ice Elementalist)         Turns: 2269, Time: 00:03:56

Health: -5/28      AC:  6    Str:  8    XL:     4   Next: 89%
Magic:  3/7        EV: 13    Int: 17    God:
Gold:   149        SH:  0    Dex: 12    Spells: 3/7 levels left

rFire    + . .     SeeInvis .     - Unarmed
rCold    . . .     Gourm    .   (no shield)
rNeg     . . .     Faith    .   (helmet restricted)
rPois    .         Spirit   .   (no amulet)
rElec    .         Reflect  .   g - ring of protection from fire
rCorr    .         Harm     .   (no ring)
MR       .....                  (no ring)
Stlth    +++.......             (no ring)
HPRegen  0.09/turn              (no ring)
MPRegen  0.10/turn              (no ring)
                                (no ring)
                                (no ring)

@: icy armour, very slightly contaminated, slow
A: almost no armour, stealthy swim, amphibious, 8 rings, constrict 8, camouflage
1, gelatinous body 1
a: no special abilities


You were on level 3 of the Dungeon.
You were hungry.

You visited 1 branch of the dungeon, and saw 3 of its levels.

You collected 149 gold pieces.

Inventory:

Jewellery
 g - a ring of protection from fire (left tentacle)
 h - an uncursed amulet of magic regeneration {unknown}
Scrolls
 c - 2 scrolls of fog {unknown}
 e - a scroll of blinking {unknown}
 j - a scroll of amnesia {unknown}
 k - 3 scrolls of remove curse {unknown}
 l - 2 scrolls of teleportation {unknown}
 n - 2 scrolls of identify {unknown}
Potions
 d - 3 potions of curing {unknown}
 f - 3 potions of flight {unknown}
 i - 2 potions of might {unknown}
 m - a potion of cancellation {unknown}
Books
 a - a book of Frost

   Spells                             Type                      Level
   a - Freeze                         Ice                          1
   b - Throw Frost                    Conjuration/Ice              2
   c - Ozocubu's Armour               Charms/Ice                   3
   d - Throw Icicle                   Conjuration/Ice              4
   e - Summon Ice Beast               Ice/Summoning                4
Comestibles
 b - 2 rations
 o - 3 chunks of flesh


   Skills:
 - Level 1.2 Fighting
 - Level 2.0 Dodging
 - Level 2.6 Stealth
 - Level 2.3 Unarmed Combat
 - Level 2.0 Spellcasting
   Level 1.0 Conjurations
 + Level 3.0 Charms
 - Level 3.0 Ice Magic


You had 3 spell levels left.
You knew the following spells:

 Your Spells              Type           Power        Failure   Level  Hunger
a - Freeze                Ice            ##..         5%          1    #......
b - Ozocubu's Armour      Chrm/Ice       ##......     17%         3    ###....


Dungeon Overview and Level Annotations

Branches:
Dungeon (3/15)

Altars:
Elyvilon


Innate Abilities, Weirdness & Mutations

You cannot wear most types of armour.
You are very stealthy in the water. (Stealth+)
You are amphibious.
You can wear up to eight rings at the same time.
You can use your tentacles to constrict eight enemies at once.
Your skin changes colour to match your surroundings (Stealth+).
Your rubbery body absorbs attacks. (AC +1, EV +1)


Message History

The orc is almost dead.
The orc hits you but does no damage.
You tentacle-slap the orc but do no damage.
You grab the orc.
You kill the orc!
You are feeling hungry.
You tentacle-slap the orc priest but do no damage.
You grab the orc priest.
You constrict the orc priest, but do no damage.
The orc priest completely misses you.
You tentacle-slap the orc priest.
The orc priest is lightly wounded.
You constrict the orc priest, but do no damage.
You tentacle-slap the orc priest.
The orc priest is moderately wounded.
You constrict the orc priest, but do no damage.
The orc priest calls down the wrath of Beogh upon you.
Beogh smites you!
Ouch! That really hurt!
You die...

#..<...# #......#
#......# #....)[#
###..>...# .........#
######...############.##
.....'...')..........>#.
#####o@.####.....## #.
#.)†# #..#'#..# #.
#...###.##.##.####.
#...#...#.).#...##.
#.....####)####..#.
#....##.#...#.##.#.
####.#..'...'..#.#.
#.##.#...#.##.##
#..####'####..##


You could see an orc priest.

Vanquished Creatures
  2 adders
  3 dart slugs
  3 leopard geckos
  3 orcs (D:3)
  5 giant cockroaches
  11 goblins
  13 hobgoblins
  4 jackals (D:1)
  12 kobolds
  A ball python (D:1)
  3 bats
  3 frilled lizards
  A jackal zombie (D:3)
  7 rats
71 creatures vanquished.

Notes
Turn   | Place    | Note
-------+----------+-------------------------------------------
     0 | D:1      | inc the Octopode Ice Elementalist began the quest for the Orb.
     0 | D:1      | Reached XP level 1. HP: 11/11 MP: 3/3
   161 | D:1      | Reached skill level 1 in Unarmed Combat
   317 | D:1      | Reached XP level 2. HP: 16/18 MP: 5/5
   461 | D:1      | Reached skill level 1 in Fighting
   649 | D:1      | Reached XP level 3. HP: 9/23 MP: 6/6
  1146 | D:1      | Learned a level 3 spell: Ozocubu's Armour
  1475 | D:2      | Reached skill level 1 in Charms
  1560 | D:2      | Reached XP level 4. HP: 28/28 MP: 2/7
  1885 | D:2      | Found a white marble altar of Elyvilon.
  2269 | D:3      | Killed from afar by an orc priest

Skill      XL: |  1  2  3  4 |
---------------+-------------+-----
Unarmed Combat | 1 2 |  2.3
Fighting       | 1 |  1.2
Charms         | 1 3 |  3.0
Dodging        | |  2.0
Stealth        | |  2.6
Spellcasting   | |  2.0
Conjurations   | |  1.0
Ice Magic      | |  3.0

Action                   |  1- 3 |  4- 6 || total
-------------------------+-------+-------++-------
Melee: Unarmed           |    82 |    89 ||   171
       Constrict         |    24 |    24 ||    48
       Tentacles         |     7 |    16 ||    23
       Punch             |     1 |       ||     1
 Cast: Freeze            |    23 |     1 ||    24
       Ozocubu's Armour  |     1 |     2 ||     3
 Stab: Sleeping          |     3 |     3 ||     6
  Eat: Chunk             |     2 |     3 ||     5
Armor: Skin              |     8 |    10 ||    18
Dodge: Dodged            |    85 |    59 ||   144
